Map: Incorporeal LE

Players

EmmanuelGold - Winner!

  • Race: Protoss Protoss
  • League: Gold
  • Spawn Location: 5:00

Sindyr

  • Race: Protoss Protoss
  • League: Master
  • Spawn Location: 11:00

VOD

Have the link to the VOD?

Description

Time

  • Played on: Sept. 15, 2025, 1:09 p.m.
  • Length: 8:56
Show
View Real Time Build Order
Export as new Build Order

EmmanuelGold Protoss - Winner!

Build Orders:  

Get SALT Encoding   

  12  0:03  Probe  
  13  0:15  Probe  
  13  0:18  Pylon  
  14  0:27  Probe  
  15  0:38  Gateway  
  15  0:39  Probe  
  16  0:47  Probe  
  16  0:55  Probe  
  17  0:59  Pylon  
  17  1:04  Probe, Assimilator  
  19  1:12  Probe  
  20  1:21  Probe  
  20  1:24  Assimilator  
  21  1:28  Cybernetics Core  
  21  1:33  Probe  
  22  1:53  Nexus  
  22  1:57  Warp Gate  
  22  2:00  Pylon  
  22  2:03  Probe  
  23  2:23  Stalker  
  25  2:32  Gateway, Probe  
  26  2:45  Forge  
  26  2:47  Probe  
  27  2:58  Stalker  
  27  3:07  Shield Battery  
  29  3:30  Twilight Council  
  29  3:31  Probe  
  30  3:36  Gateway  
  30  3:37  Gateway  
  30  3:45  Robotics Facility  
  30  3:47  Probe x2  
  32  3:59  Probe  
  32  4:00  Pylon  
  33  4:03  Probe  
  33  4:07  Probe  
  34  4:11  Probe  
  34  4:13  Sentry  
  34  4:14  Sentry  
  34  4:15  Probe  
  40  4:20  Probe  
  41  4:26  Probe  
  41  4:28  Probe  
  43  4:33  Observer  
  43  4:38  Probe, Blink  
  46  4:50  Probe x2, Pylon  
  48  4:53  Pylon  
  48  4:58  Gateway  
  48  5:00  Stalker x2  
  48  5:01  Stalker  
  48  5:04  Protoss Ground Weapons Level 1  
  54  5:11  Assimilator  
  54  5:15  Observer  
  54  5:20  Assimilator, Probe x2  
  57  5:32  Probe  
  58  5:41  Stalker x2  
  62  5:56  Probe x2  
  64  5:59  Immortal  
  68  6:08  Probe  
  68  6:10  Stalker x3  
  75  6:26  Probe x2  
  75  6:29  Nexus  
  75  6:30  Pylon  
  75  6:32  Pylon  
  77  6:38  Probe  
  78  6:55  Probe x2  
  78  6:58  Stalker x4  
  78  7:01  Immortal  
  92  7:07  Probe  
  93  7:18  Shield Battery  
  93  7:19  Photon Cannon  
  93  7:20  Probe, Shield Battery  
  94  7:27  Pylon  
  94  7:29  Pylon  
  94  7:31  Pylon  
  94  7:34  Pylon  
  94  7:37  Immortal  
  94  7:40  Probe x2  
  92  8:09  Warp Prism  
  94  8:23  Stalker x4  
  94  8:24  Stalker  
Show
View Real Time Build Order
Export as new Build Order

Sindyr Protoss 

Build Orders: 1 Gate Expand 

Get SALT Encoding   

  12  0:02  Probe  
  13  0:13  Probe  
  14  0:19  Pylon  
  14  0:21  Probe  
  15  0:34  Probe  
  16  0:43  Gateway  
  16  0:46  Probe  
  17  0:58  Probe  
  18  1:15  Nexus  
  18  1:19  Probe  
  19  1:27  Probe  
  20  1:34  Assimilator  
  20  1:36  Probe  
  21  1:43  Cybernetics Core  
  21  1:51  Assimilator  
  21  1:55  Zealot  
  23  2:10  Pylon  
  23  2:20  Warp Gate  
  23  2:26  Probe  
  23  2:29  Probe  
  24  2:34  Probe  
  25  2:37  Probe  
  25  2:42  Probe  
  27  2:46  Probe  
  29  2:52  Assimilator  
  29  2:53  Probe, Assimilator  
  29  2:58  Probe  
  31  3:05  Probe  
  32  3:06  Gateway  
  32  3:08  Gateway  
  32  3:10  Probe  
  33  3:16  Pylon  
  33  3:21  Probe  
  33  3:22  Probe  
  35  3:33  Forge, Probe  
  36  3:34  Probe  
  37  3:43  Pylon  
  37  3:46  Pylon  
  37  3:58  Nexus  
  36  4:10  Pylon  
  36  4:12  Probe x2  
  38  4:24  Probe x2  
  40  4:32  Twilight Council  
  40  4:35  Protoss Ground Weapons Level 1  
  40  4:36  Probe x2  
  42  4:45  Pylon  
  42  4:50  Robotics Facility  
  42  4:59  Photon Cannon  
  42  5:00  Photon Cannon  
  42  5:03  Photon Cannon  
  42  5:12  Charge  
  42  5:16  Stalker x2  
  42  5:20  Protoss Air Weapons Level 1  
  46  5:21  Stalker  
  48  5:33  Probe  
  48  5:34  Probe x2  
  51  5:42  Observer  
  51  5:43  Probe x2  
  51  5:44  Probe  
  55  5:51  Probe x2  
  55  5:52  Probe  
  58  5:59  Probe  
  58  6:00  Probe x2  
  60  6:10  Probe  
  60  6:11  Probe, Forge  
  61  6:13  Forge, Probe  
  61  6:15  Assimilator, Pylon  
  64  6:18  Probe  
  64  6:19  Probe, Assimilator  
  64  6:21  Probe  
  66  6:27  Probe x2  
  66  6:30  Probe  
  69  6:35  Pylon  
  69  6:36  Protoss Shields Level 1  
  69  6:37  Stalker x3  
  76  6:41  Immortal  
  80  7:07  Stalker  
  80  7:08  Stalker  
  84  7:09  Photon Cannon  
  84  7:12  Photon Cannon  
  84  7:13  Stalker  
  86  7:19  Photon Cannon  
  86  7:20  Photon Cannon  
  84  7:48  Nexus  
  84  7:49  Pylon  
  80  7:52  Pylon  
  80  7:54  Pylon  
  80  7:55  Immortal  
  78  8:05  Photon Cannon  
  78  8:08  Pylon  
  78  8:12  Stalker x3  
  84  8:43  Gateway  
  84  8:45  Gateway  
  84  8:48  Gateway  
  73  8:50  Stalker x3  
  73  8:52  Gateway  
Tags
 
Matchup
PvP
Replay Pack
Multiplayer
Spawn Locations
Cross Positions
Add a new tag
Caveats
  • Supply blocks, unpowered buildings, or Contaminate may cause inaccurate times.
  • Supply counts are checked every 10 seconds.